AoeStats
← SlowBoy

Arabia

505777011Analyzed
1v1 RM · 21d ago on Sep 11, 2026· 30m 32s· 2 players
Game mode
Random Map
Map size
Tiny (2 player)
Population
200
Speed
Normal
Resources
Standard
Victory
Conquest
Starting age
Dark Age
Ending age
Imperial Age
RankedLock teamsTeams togetherTeam positionsShared explorationLock speedFull tech treeHidden civsTurbo modeCheats
Victory
Defeat
🇹🇼 Armenians · Taiwan
2166
+2
🇧🇷 Khmer · Brazil
1704
-2
ANKR.Tank20089
6:16 Loom
8:51 Feudal Age
9:28 Double-Bit Axe
9:06 Man-at-Arms
10:47 Arson
13:45 Fletching
19:51 Double-Bit Axe
22:19 Castle Age
21:01 Gold Mining
21:11 Horse Collar
22:26 Elite Skirmisher
23:01 Bodkin Arrow
23:33 Bow Saw
23:59 Gold Shaft Mining
23:34 Heavy Plow
24:34 Town Watch
25:00 Padded Archer Armor
26:27 Ballistics
26:32 Scale Mail Armor
26:36 Squires
28:16 Sanctity
28:06 Fervor
29:12 Chain Mail Armor
SlowBoy
7:11 Loom
9:33 Feudal Age
10:23 Double-Bit Axe
11:15 Horse Collar
14:48 Padded Archer Armor
17:01 Fletching
18:08 Wheelbarrow
22:48 Castle Age
21:23 Gold Mining
22:52 Crossbowman
23:28 Bodkin Arrow
23:45 Bow Saw
26:22 Town Watch
26:38 Heavy Plow
Connection lost

Rejoining the realm…

Still unreachable

The connection could not be restored.

Session expired

The server has moved on; the page needs a fresh start.